 Dungeon Crawl Stone Soup version 0.19-a0-188-ga21aea4 (webtiles) character file.

23 wvc the Shooter (level 2, -1/22 HPs)
             Began as a Mummy Wanderer on May 23, 2016.
             Slain by a hobgoblin (2 damage)
             ... on level 1 of the Dungeon.
             The game lasted 00:03:34 (678 turns).

wvc the Shooter (Mummy Wanderer)                     Turns: 678, Time: 00:03:35

Health: -1/22      AC:  4    Str: 13    XL:     2   Next: 75%
Magic:  3/3        EV: 11    Int: 11    God:
Gold:   23         SH:  0    Dex: 13    Spells: 0 memorised, 3 levels left

rFire  x . .     SeeInvis .     a - +2 shortbow
rCold  + . .     Gourm    .     f - +0 leather armour
rNeg   + + +     Faith    .     (shield currently unavailable)
rPois  ∞         Spirit   .     (no helmet)
rElec  .         Dismiss  .     h - +0 cloak
rCorr  .         Reflect  .     (no gloves)
SustAt .         Harm     .     (no boots)
MR     .....                    (no amulet)
Stlth  +.........               (no ring)
                                (no ring)

@: not resistant to hostile enchantments, very unstealthy
A: no food or potions, fire vulnerability, cold resistance 1, negative energy
resistance 3, torment resistance, unbreathing
a: no special abilities


You were on level 1 of the Dungeon.
You were not hungry.

You visited 1 branch of the dungeon, and saw 2 of its levels.

You collected 23 gold pieces.

Inventory:

Hand Weapons
 a - a +2 shortbow (weapon)
 j - a +1 dagger of venom
Missiles
 b - 32 arrows (quivered)
 g - 11 poisoned needles
Armour
 f - a +0 leather armour (worn)
 h - a +0 cloak (worn)
Scrolls
 d - a scroll of enchant weapon {unknown}
 e - a scroll of remove curse {unknown}
 i - a scroll of random uselessness {unknown}
 k - a scroll of immolation {unknown}
 l - a scroll of identify {unknown}


   Skills:
 - Level 2.1 Fighting
 - Level 2.4 Bows
 * Level 1.0 Armour
 - Level 1.4 Dodging
   Level 1.5 Shields
 - Level 1.0 Spellcasting
   Level 1.5 Air Magic


You had 3 spell levels left.
You didn't know any spells.

Dungeon Overview and Level Annotations

Branches:
Dungeon (2/15)

Altars:


Innate Abilities, Weirdness & Mutations

You do not eat or drink.
Your flesh is vulnerable to fire.
You are immune to poison.
Your flesh is cold resistant. (rC+)
You are immune to negative energy. (rN+++)
You are immune to unholy pain and torment.
You can survive without breathing.


Message History

Press: ? - help, Shift-Dir - straight line, f/p - rat
Aim: a rat (severely wounded)
You shoot an arrow. The arrow completely misses the rat.
The rat barely misses you. The hobgoblin barely misses you.
The rat barely misses you. The rat misses you. The hobgoblin barely misses you.
Firing (i - inventory):
b - 34 arrows (quivered)
Press: ? - help, Shift-Dir - straight line, f/p - rat
Aim: a rat (severely wounded)
You shoot an arrow. The arrow closely misses the rat.
The rat bites you.
* * * LOW HITPOINT WARNING * * *
The hobgoblin barely misses you. The rat barely misses you.
Firing (i - inventory):
b - 33 arrows (quivered)
Press: ? - help, Shift-Dir - straight line, f/p - rat
Aim: a rat (severely wounded)
You shoot an arrow. The arrow closely misses the hobgoblin.
The arrow hits the rat.
You kill the rat!
The hobgoblin hits you.
You die...

................# ##.# ###
................#######'#####
.................#..........#
..........(......#..........#####
........)(###....+..........'...#
..........# #.r..#..........#####
..........# #...(#..........#
[.........# ####g#..........#
..........# #@...........#
..####....# ###.).........# ..#
#....# #......##..#### ###
#>...#####......##..#
#...............##.)######
#####...........##.......#
#...........##.#####.#
#............#.#####.###
#............+..........


You could see a hobgoblin and a rat.

Vanquished Creatures
  2 giant geckos (D:1)
  A giant cockroach (D:1)
  5 goblins (D:1)
  A hobgoblin (D:1)
  3 jackals
  A bat (D:1)
  A giant newt (D:1)
  2 kobolds (D:1)
  5 rats (D:1)
21 creatures vanquished.

Notes
Turn   | Place    | Note
--------------------------------------------------------------
     0 | D:1      | wvc the Mummy Wanderer began the quest for the Orb.
     0 | D:1      | wvc set off with: a +2 shortbow, 28 arrows, a scroll of teleportation, a +0 robe
     0 | D:1      | Reached XP level 1. HP: 16/16 MP: 2/2
    64 | D:1      | Reached skill level 1 in Dodging
   177 | D:1      | Reached XP level 2. HP: 22/22 MP: 3/3
   652 | D:1      | HP: 1/22 [jackal (2)]
   653 | D:1      | Reached skill level 1 in Armour
   669 | D:1      | HP: 1/22 [rat (1)]
   674 | D:1      | HP: 1/22 [rat (1)]
   678 | D:1      | Slain by a hobgoblin

Vault maps used:
D:1:      dpeg_arrival_long_road
D:2:      nicolae_overflow_crystal_walls

Skill      XL: |  1  2 |
---------------+-------+-----
Dodging        | 1 |  1.4
Armour         | 1 |  1.0
Fighting       | |  2.1
Bows           | |  2.4
Shields        | |  1.5
Spellcasting   | |  1.0
Air Magic      | |  1.5

Action                   || total
-------------------------++-------
 Fire: Shortbow          ||    51
  Use: Scroll            ||     1
Armor: Robe              ||     1
       Leather armour    ||    18
Dodge: Dodged            ||    23
